 Dungeon Crawl Stone Soup version 0.27.1-1-g398f81649c (console) character file.

Game seed: 13132133222164749545

538395 thromnambular the Warrior (level 27, -18/207 HPs)
             Began as a Djinni Fire Elementalist on Sept 12, 2021.
             Was a High Priest of Ru.
             Demolished by a white draconian (26 damage)
             ... on level 5 of the Realm of Zot on Sept 13, 2021.
             The game lasted 03:27:15 (86366 turns).

thromnambular the Warrior (DjFE)                   Turns: 86366, Time: 03:27:15

Health: -18/207    AC: 48    Str: 22    XL:     27
Gold:   2328       EV: 12    Int: 29    God:    Ru [*****.] SH: 24 Dex: 20

rFire    + + .     SeeInvis .   a - +10 broad axe {vamp, Dex+4}
rCold    . . .     Faith    .   e - +4 kite shield {rC+}
rNeg     + . .     Spirit   .   D - +11 crystal plate armour of Guiwaer {+Blink}
rPois    ∞         Reflect  +   R - +2 helmet {Int+3}
rElec    +         Harm     .   W - +3 cloak "Edwiotz Saokk" {rElec Int+7}
rCorr    .         Rampage  .   y - +2 pair of gloves
Will     ++...                  (boots unavailable)
Stlth    ..........             t - amulet of reflection
HPRegen  0.44/turn              L - ring of positive energy
MPRegen  0.00/turn              E - +6 ring of strength

@: flying, hasted and slowed, studying 2 skills
A: sickness immunity, fire resistance 2, cold vulnerability 1, no stealth,
inability to use devices, hated by all, unskilled 1, float, innate caster, hp
casting, extra vitality 1
}: 3/15 runes: decaying, abyssal, gossamer
a: Renounce Religion, Sacrifice Purity, Sacrifice Skill, Sacrifice Durability,
Reject Sacrifices, Draw Out Power, Power Leap, Apocalypse


You were on level 5 of the Realm of Zot.
You worshipped Ru.
Ru was extremely pleased with you.
You visited 10 branches of the dungeon, and saw 47 of its levels.
You visited the Abyss 1 time.
You also visited: Bailey, Ice Cave, Volcano and Wizlab.

You collected 5953 gold pieces.
You spent 3625 gold pieces at shops.

Inventory:

Hand Weapons
 a - the +10 broad axe of the Doomed Warrior (weapon) {vamp, Dex+4}
   (You took it off a spriggan defender on level 4 of the Depths)

   It occasionally heals its wielder for a portion of the damage dealt when it
   wounds a living foe.
   Dex:       It affects your dexterity (+4).
 b - a +9 spectral broad axe
 B - a +6 demon trident of venom
 J - a +2 hand axe of flaming
Missiles
 Q - 12 javelins (quivered)
 S - 6 boomerangs of dispersal
Armour
 e - a +4 kite shield of cold resistance (worn)
 y - a +2 pair of gloves (worn)
 D - the +11 crystal plate armour of Guiwaer (worn) {+Blink}
   (You acquired it on level 10 of the Dungeon)

   +Blink:    It lets you blink.
 R - a +2 helmet of intelligence (worn)
 T - +0 storm dragon scales
 W - the +3 cloak "Edwiotz Saokk" (worn) {rElec Int+7}
   (You found it in a wizard's laboratory)

   Int:       It affects your intelligence (+7).
   rElec:     It insulates you from electricity.
 Z - the +2 faerie dragon scales {rPois Will+ rCorr Int-2 SInv}
   (You took it off the Enchantress on level 3 of the Depths)

   Int:       It affects your intelligence (-2).
   rPois:     It protects you from poison.
   SInv:      It lets you see invisible.
   rCorr:     It protects you from acid and corrosion.
   Will:      It increases your willpower.
Jewellery
 g - an amulet of regeneration
 l - a ring of wizardry
 q - a ring of willpower
 r - a ring of fire
 t - an amulet of reflection (around neck)
 x - a +4 ring of protection
 C - a +6 ring of dexterity
 E - a +6 ring of strength (right hand)
 F - a ring of ice
 H - a +6 ring of dexterity
 L - a ring of positive energy (left hand)
 O - a ring of willpower
 P - a +6 ring of intelligence
 U - a +6 ring of strength
 X - a ring of resist corrosion
Scrolls
 h - 10 scrolls of magic mapping
 i - a scroll of silence
 k - 30 scrolls of identify
 n - 10 scrolls of teleportation
 s - 6 scrolls of fog
 G - 4 scrolls of blinking
 K - 4 scrolls of holy word
 N - 4 scrolls of brand weapon
 V - 3 scrolls of fear
Potions
 c - 4 potions of ambrosia
 d - 15 potions of curing
 f - 3 potions of berserk rage
 j - 5 potions of mutation
 m - 15 potions of lignification
 o - 10 potions of brilliance
 p - 10 potions of attraction
 u - 4 potions of heal wounds
 v - 6 potions of magic
 w - 5 potions of cancellation
 z - 5 potions of haste
 A - a potion of might
 I - 4 potions of invisibility
 M - a potion of resistance


   Skills:
 + Level 20.6 Fighting
 - Level 17.8(18.0) Axes
 - Level 4.4(12.7) Maces & Flails
 - Level 7.3 Throwing
 + Level 17.8 Armour
 + Level 14.7 Dodging
 - Level 15.0 Shields
 - Level 7.2 Spellcasting


You couldn't memorise any spells.
You knew the following spells:

 Your Spells              Type           Power      Damage    Failure   Level
a - Foxfire               Conj/Fire      100%       2x1d9     7%          1
b - Conjure Flame         Conj/Fire      51%        6-21      22%         3
c - Inner Flame           Hex/Fire       51%        N/A       22%         3
d - Sticky Flame          Conj/Fire      51%        2d7       56%         4
e - Fireball              Conj/Fire      25%        3d11      89%         5
f - Animate Skeleton      Necr           100%       N/A       7%          1
g - Passwall              Tmut/Erth      42%        N/A       11%         2
h - Ensorcelled Hibernat  Hex/Ice        100%       N/A       11%         2
i - Animate Dead          Necr           25%        N/A       56%         4
j - Animate Armour        Summ/Erth      100%       N/A       56%         4
k - Iskenderun's Battles  Conj           51%        2d10      89%         5
l - Iron Shot             Conj/Erth      25%        9d5       100%        6
m - Ozocubu's Refrigerat  Ice            25%        4d10      100%        7
n - Monstrous Menagerie   Summ           25%        N/A       100%        7
o - Ignition              Fire           25%        3d9       100%        8
p - Storm Form            Tmut/Air       25%        N/A       100%        7
q - Lehudib's Crystal Sp  Conj/Erth      25%        10d7      100%        8
r - Shatter               Erth           25%        3d22*     100%        9
Your spell library was empty.


Dungeon Overview and Level Annotations

Branches:
Dungeon (15/15)            Temple (0/1) D:5            Lair (6/6) D:11
  Swamp (4/4) Lair:4       Spider (4/4) Lair:4        Slime (0/5) Lair:5
    Orc (2/2) D:11            Elf (1/3) Orc:2        Vaults (4/5) D:13
  Crypt (0/3) Vaults:3     Depths (5/5) D:15           Hell (visited)
    Zot (5/5) Depths:5     Bailey (visited)           IceCv (visited)
Volcano (visited)          WizLab (visited)
    Dis: Hell:1         Geh: Hell:1         Coc: Hell:1         Tar: Hell:1

Altars:
Elyvilon
Gozag
Kikubaaqudgha
Nemelex Xobeh
Qazlal
Ru
Uskayaw
Wu Jian
Yredelemnul
Zin
The Shining One
Beogh

Shops:
D:8 :   D:12 ![([:   Orc:2 [!*[*   Vaults:1 !   Vaults:2 :

Portals:
Hell: Depths:1 Depths:2 Depths:3 Depths:4 Depths:5
Abyss: Depths:4
Pandemonium: Depths:1 Depths:3
Ziggurat: Depths:5
Trove: Depths:1 (give +7 demon trident)

Annotations:
D:8 2 transporters
D:10 4 runed translucent doors
Lair:5 3 runed translucent doors, Rickety's ghost, journeyman SpEn; pokedragonboy's ghost, journeyman DEFE
Orc:1 3 runed translucent doors, Jisity's ghost, adept HuFi; duckroller's ghost, journeyman HOMo
Vaults:4 36 runed doors
Hell Geryon


Innate Abilities, Weirdness & Mutations

You are immune to sickness and miasma.
You are immune to poison.
Your flesh is very heat resistant. (rF++)
You are vulnerable to cold. (rC-)
You cannot be stealthy.
You cannot study or use magical devices.
You are hated by all.
You are somewhat unskilled. (-1 Apt)
You float through the air rather than walking.
You learn spells naturally, not from books.
Your magical power is your life essence.
You have superior vitality. (+4 HP)


Message History

You hear a roar!
You hear a chilling moan.
You redirect the yellow draconian's attack!
The death cob is stunned by your conviction and fails to attack.
The curse toe calls on the powers of darkness!
The yellow draconian convulses!
The white draconian convulses!
The moth of wrath convulses!
The storm dragon convulses!
Your body is wracked with pain!
You focus your inner power and drain the curse toe's magic in retribution!
The death cob is stunned by your conviction and fails to attack.
You feel a little less mighty now. The death cob hits you.
The death cob drains your vigour!
You feel yourself slow down.
The death cob hits you but does no damage.
You feel less exhausted. You block the death cob's attack. x2
The death cob barely misses you. You block the death cob's attack.
You block the white draconian's attack. The death cob hits you!
The death cob drains your vigour!
You feel as though you will be slow longer.
You block the death cob's attack. The death cob completely misses you.
The white draconian rages.
The Killer Klown begins to attack, but is stunned by your conviction!
The white draconian hits you with a +1 vampiric battleaxe!!
You block the death cob's attack. The death cob hits you.
You block the death cob's attack.
The white draconian hits you with a +1 vampiric battleaxe.
* * * LOW HITPOINT WARNING * * *
The death cob completely misses you.
The Killer Klown blinks!
You block the death cob's attack. You block the white draconian's attack.
You block the death cob's attack. The death cob barely misses you.
There is a stone staircase leading up here.
The death cob hits you!
* * * LOW HITPOINT WARNING * * *
You focus your inner power and illuminate the death cob in retribution!
The white draconian hits you with a +1 vampiric battleaxe!!!
* * * LOW HITPOINT WARNING * * *
You block the death cob's attack.
The white draconian hits you with a +1 vampiric battleaxe!!
You die...

,,,,,*,,,,,,****,,,,,,,,,,,,,*,**
,,,,,***,*#,,,,...,,,*****,,,*,*
,,,,,* *,*#.**##.#**** *,,,*,*
,,,,,* *.##.###..###******,,,,,*
,,,,,* *,...........,,,,,^,***,*
,,**** ***#.......##,,,,,,,,,*,*
,,*########........#,,,,,,,,,*,*
***#...........y...#,,,,,,,,,*,*
#...........z@..#,,,,,,,,,+,*
#....?......d..##,,,,,,,,,***
####..........)...#*,,,,,,,,,*
.......§.d..z..)..##,,,,,,,,,*
.......d...........#,,,,,,,,,*
...........#...$...#,,,,,,,,,*
###........####....#**********
###.######## ▓▓####************
)○z........* **,,,^,,,,,,,,,,**


You could see a yellow draconian, a white draconian (berserk), 2 death cobs and
a moth of wrath.

Vanquished Creatures
  A dread lich (Zot:5)
  An ancient lich (Depths:3)
  Mara (Spider:3)
  2 orbs of fire (Zot:5)
  Margery (Vaults:2)
  A curse toe (Zot:4)
  8 caustic shrikes
  6 golden dragons
  A profane servitor (WizLab)
  the Enchantress (Depths:3)
  Rupert (D:15)
  8 tentacled monstrosities
  10 Orb Guardians
  2 liches
  2 titans
  3 quicksilver dragons
  3 death cobs
  A kraken (Abyss:3)
  4 sphinxes
  A tentacled starspawn (Abyss:3)
  An eldritch tentacle (WizLab)
  2 thorn hunters
  A tengu reaver (Depths:4)
  3 storm dragons
  4 shadow dragons
  A fenstrider witch (Swamp:1)
  9 frost giants
  An iron dragon (Depths:2)
  A draconian knight (Zot:2)
  3 fire giants
  5 ghost moths
  2 draconian scorchers
  4 emperor scorpions (Spider:4)
  6 vault wardens
  2 orc warlords
  A draconian stormcaller (Depths:5)
  A juggernaut zombie (Depths:1)
  42 very ugly things
  7 spriggan defenders
  8 ironbound preservers
  A green draconian (Zot:1)
  4 vampire knights
  Azrael (Spider:1)
  16 stone giants
  13 spark wasps
  3 red draconians
  3 white draconians
  10 entropy weavers
  7 bunyips
  6 black draconians
  2 yellow draconians
  11 dire elephants
  5 eleionomae
  11 ettins
  4 crystal guardians
  A merfolk impaler (Depths:4)
  8 yaktaur captains
  2 jiangshi (Depths:4)
  Josephine (Lair:5)
  A shambling mangrove (Abyss:3)
  13 great orbs of eyes
  Erolcha (D:10)
  9 fire dragons
  23 hydras
  A great orb of eyes (shapeshifter) (Depths:3)
  7 ironbound thunderhulks
  6 boulder beetles
  2 ogre magi
  15 vault guards
  11 ice dragons
  5 rakshasas
  4 ironbound frosthearts
  6 ghost crabs
  5 spriggan air magi
  A hell beast (Depths:3)
  A peacekeeper (Vaults:4)
  17 centaur warriors
  An anaconda (shapeshifter) (Depths:4)
  11 two-headed ogres
  12 tengu warriors
  10 alligators
  3 vampire magi
  9 deep troll earth magi
  10 death yaks
  13 deep troll shamans
  Urug (Lair:6)
  11 ironbound beastmasters
  6 dancing weapons (Elf:1)
  6 orc high priests
  9 spriggan berserkers
  3 soul eaters (Depths:3)
  5 deep elf knights (Elf:1)
  10 hell knights
  Sonja (D:11)
  15 spriggans
  3 fire crabs
  8 iron trolls
  A shadow wraith (WizLab)
  2 spriggan druids
  A flayed ghost (Vaults:3)
  3 glowing orange brains
  55 deep trolls
  10 swamp dragons
  4 goliath frogs
  4 bog bodies
  7 deep elf archers (Elf:1)
  A death drake (Swamp:3)
  An obsidian statue (WizLab)
  17 lindwurms
  19 necromancers
  12 ironbound convokers
  19 orb spiders
  4 orc knights
  2 orc sorcerers (Orc:1)
  10 deep elf pyromancers
  16 deep elf zephyrmancers
  27 ugly things
  7 wizards
  20 wolf spiders
  An oklob plant (Lair:6)
  6 manticores
  A salamander (Depths:3)
  9 cyclopes
  4 will-o-the-wisps
  2 worldbinders (WizLab)
  A frost giant zombie (Depths:1)
  6 black mambas
  2 molten gargoyles (Lair:6)
  2 torpor snails
  9 moths of wrath
  2 elephants (Lair:5)
  An apocalypse crab (Abyss:3)
  17 vault sentinels
  18 cane toads
  A guardian serpent (WizLab)
  A yaktaur zombie (Vaults:4)
  A titan simulacrum (Vaults:3)
  A storm dragon simulacrum (Vaults:4)
  3 gargoyles
  24 yaktaurs
  12 komodo dragons
  3 efreet
  3 unseen horrors
  A tormentor (Abyss:3)
  3 rime drakes (Lair:5)
  A freezing wraith (Vaults:3)
  2 hellwings (WizLab)
  2 kobold demonologists
  4 tengu conjurers
  8 demonic crawlers
  6 trolls
  A yaktaur skeleton (Vaults:3)
  A polar bear (Lair:6)
  27 jumping spiders
  A queen bee (Lair:5)
  7 meliai (Lair:5)
  10 tyrant leeches
  A raiju (shapeshifter) (D:15)
  2 bloated husks (Swamp:2)
  15 slime creatures
  A wolf spider simulacrum (D:10)
  15 hornets
  11 dream sheep
  A deep troll zombie (Depths:1)
  25 blink frogs
  An ettin zombie (Depths:1)
  A tarantella (shapeshifter) (D:14)
  4 water elementals
  An air elemental (WizLab)
  67 redbacks
  62 yaks
  46 tarantellas
  12 wyverns
  8 wraiths
  4 fire elementals
  10 basilisks
  5 steam dragons
  3 large abominations (Depths:4)
  2 chaos spawn (Depths:4)
  16 swamp worms
  26 vampire mosquitoes
  An elf skeleton (Vaults:3)
  8 small abominations (Depths:4)
  6 wargs (Orc:2)
  8 hell hounds
  2 acid dragons
  2 floating eyes
  12 water moccasins
  6 black bears
  6 swamp drakes
  39 orc warriors
  A fire dragon simulacrum (Depths:1)
  2 human zombies
  2 sky beasts
  An ice beast (D:6)
  7 wolves
  9 ogres
  21 centaurs
  The ghost of nxtlvl the Firebug, an amateur FoFE (D:4)
  12 kobold brigands
  20 bullfrogs
  4 gnoll sergeants (D:11)
  3 scorpions
  4 earth elementals (Elf:1)
  A human skeleton (Vaults:4)
  2 human simulacra
  30 killer bees (Lair:5)
  4 howler monkeys
  3 electric eels
  A crimson imp (Orc:1)
  5 lava snakes (Lair:6)
  A bullfrog zombie (D:6)
  5 quasits
  4 centaur zombies
  3 hounds
  2 jellies
  32 orc priests
  An iron imp (Orc:1)
  A bullfrog skeleton (D:4)
  A centaur skeleton (D:5)
  Jessica (D:12)
  An iguana (D:5)
  34 orc wizards
  7 hell rats (Lair:6)
  2 killer bee zombies
  A hound skeleton (D:4)
  A howler monkey zombie (D:8)
  Robin (D:2)
  11 gnolls
  13 adders
  2 shadow imps
  2 white imps
  An adder skeleton (D:4)
  4 worms
  3 dart slugs
  112 orcs
  5 bats
  10 endoplasms
  4 giant cockroaches
  30 goblins
  25 hobgoblins
  16 jackals
  4 quokkas
  5 ball pythons
  5 frilled lizards
  15 kobolds
  3 rats
  A bush (Lair:6)
  A lurking horror (WizLab)
  A starspawn tentacle (Abyss:3)
  3 tentacles (Abyss:3)
1928 creatures vanquished.

Vanquished Creatures (collateral kills)
  8 foxfires
8 creatures vanquished.

Vanquished Creatures (others)
  A fire giant (Depths:4)
  An emperor scorpion (Spider:4)
  A ghost moth (Zot:5)
  A spark wasp (Depths:3)
  A jiangshi (Depths:4)
  An ettin (Depths:1)
  A peacekeeper (Vaults:2)
  An ice dragon (Depths:5)
  A hydra (Lair:6)
  A centaur warrior (Vaults:3)
  An alligator (Lair:4)
  A death knight (D:15)
  A death yak (Lair:6)
  A dancing weapon (Elf:1)
  A spriggan berserker (Depths:4)
  A spriggan druid (Swamp:4)
  A goliath frog (Swamp:2)
  A lindwurm (Swamp:4)
  2 deep elf zephyrmancers (Elf:1)
  2 deep elf pyromancers
  A deep elf archer (Elf:1)
  An orb spider (Spider:4)
  A demonic crawler (Spider:4)
  3 jumping spiders
  3 bloated husks
  2 hornets
  A blink frog (WizLab)
  2 tyrant leeches
  3 water elementals
  An air elemental (Elf:1)
  A spriggan (Swamp:4)
  2 yaks
  2 tarantellas
  2 wyverns (Lair:5)
  A swamp worm (Swamp:3)
  2 centaurs
  A bullfrog (Lair:4)
  An orc priest (Orc:1)
  An orc wizard (D:10)
  A howler monkey skeleton (D:7)
  2 orcs
  A briar patch (Swamp:4)
  A bush (Lair:6)
  1877 foxfires
  117 fungi
  128 plants
  A starspawn tentacle (Abyss:3)
  11 tentacles (Abyss:3)
  4 withered plants (Orc:1)
2196 creatures vanquished.

Grand Total: 4132 creatures vanquished

Notes
Turn   | Place    | Note
-------+----------+-------------------------------------------
     0 | D:1      | thromnambular the Djinni Fire Elementalist began the quest
                  | for the Orb.
     0 | D:1      | Reached XP level 1. HP: 15/15 MP: 0/0
    10 | D:1      | Noticed an ogre
   193 | D:1      | Reached XP level 2. HP: 14/21 MP: 0/0
   471 | D:1      | Reached skill level 1 in Fighting
   647 | D:1      | Reached XP level 3. HP: 17/27 MP: 0/0
   647 | D:1      | Learned a level 1 spell: Animate Skeleton
   764 | D:1      | Reached skill level 2 in Fighting
  1319 | D:1      | Found a faded altar of an unknown god.
  1460 | D:1      | Became a worshipper of Ru the Awakened
  1462 | D:1      | Gained mutation: You are hated by all. [Ru sacrifice]
  1462 | D:1      | Reached * piety under Ru
  1747 | D:2      | Reached XP level 4. HP: 28/34 MP: 0/0
  1979 | D:2      | Reached skill level 1 in Maces & Flails
  2212 | D:2      | Noticed Robin
  2220 | D:2      | Killed Robin
  2342 | D:2      | Reached XP level 5. HP: 37/39 MP: 0/0
  2342 | D:2      | Learned a level 2 spell: Passwall
  3573 | D:3      | Reached skill level 3 in Fighting
  4078 | D:4      | Reached XP level 6. HP: 31/46 MP: 0/0
  4671 | D:4      | Gained mutation: You cannot study or use magical devices.
                  | [Ru sacrifice]
  4671 | D:4      | Reached ** piety under Ru
  4671 | D:4      | Reached *** piety under Ru
  4838 | D:4      | Found a transporter.
  4931 | D:4      | Noticed nxtlvl's ghost (amateur FoFE)
  4963 | D:4      | Found a transporter.
  5363 | D:5      | Entered Level 5 of the Dungeon
  5368 | D:5      | Reached XP level 7. HP: 48/51 MP: 0/0
  5368 | D:5      | Learned a level 2 spell: Ensorcelled Hibernation
  5502 | D:5      | Reached skill level 4 in Fighting
  5567 | D:5      | Found an opulent altar of Gozag.
  6088 | D:5      | Reached skill level 5 in Dodging
  6348 | D:5      | Reached XP level 8. HP: 48/58 MP: 0/0
  6849 | D:5      | Found a staircase to the Ecumenical Temple.
  6981 | D:6      | Reached skill level 5 in Fighting
  7667 | D:6      | Noticed a yak
  8012 | D:6      | Noticed a yak
  8017 | D:6      | Noticed a yak
  8025 | D:6      | Noticed a yak
  8026 | D:6      | Killed a yak
  8027 | D:6      | Reached skill level 6 in Fighting
  8027 | D:6      | Reached XP level 9. HP: 37/66 MP: 0/0
  8027 | D:6      | Learned a level 4 spell: Animate Dead
  8645 | D:7      | Noticed a troll
  8681 | D:7      | Killed a troll
  9418 | D:7      | Identified the +1 scale mail of the Furrier {Harm +Inv}
  9466 | D:7      | Reached skill level 7 in Fighting
  9473 | D:7      | Reached skill level 1 in Armour
  9664 | D:7      | Noticed an efreet
  9700 | D:6      | Reached skill level 5 in Spellcasting
  9916 | D:7      | Reached XP level 10. HP: 58/75 MP: 0/0
 10832 | D:8      | Reached skill level 8 in Fighting
 11049 | D:8      | Found a transporter.
 11078 | D:8      | Noticed a kobold demonologist
 11100 | D:8      | Found Rorch's Book Boutique.
 11178 | D:8      | Noticed a kobold demonologist
 11180 | D:8      | Found a transporter.
 11974 | D:9      | Reached skill level 1 in Shields
 12097 | D:9      | Noticed a two-headed ogre
 12107 | D:9      | Killed a two-headed ogre
 12953 | D:10     | Entered Level 10 of the Dungeon
 13016 | D:10     | Found a flagged portal.
 13042 | Bailey   | Entered a bailey
 13402 | Bailey   | Noticed an orc knight
 13436 | Bailey   | Killed an orc knight
 13437 | Bailey   | Reached skill level 5 in Armour
 13437 | Bailey   | Reached XP level 11. HP: 30/82 MP: 0/0
 13437 | Bailey   | Learned a level 4 spell: Animate Armour
 13656 | Bailey   | Identified the +0 hand crossbow of Anxiety {vorpal, Fragile
                  | Dex+6}
 13670 | Bailey   | Acquired a manual of Axes
 13847 | Bailey   | Reached skill level 1 in Axes
 14075 | Bailey   | Noticed an orc warlord
 14428 | Bailey   | Reached skill level 5 in Axes
 14900 | D:10     | Reached XP level 12. HP: 84/84 MP: 0/0
 14931 | D:10     | Acquired the +11 crystal plate armour of Guiwaer {+Blink}
 15045 | D:10     | Found a large runed translucent door.
 15045 | D:10     | Found a large runed translucent door.
 15091 | D:10     | Reached skill level 9 in Fighting
 15525 | D:10     | Noticed Erolcha
 15587 | D:10     | Killed Erolcha
 15677 | D:10     | Found a large runed translucent door.
 15677 | D:10     | Found a large runed translucent door.
 15745 | D:10     | Noticed a centaur warrior
 15752 | D:10     | Killed a centaur warrior
 15799 | D:10     | Identified the ring "Seutri Sime" {*Slow rN+ Str+2 Stlth+}
 16191 | D:10     | Noticed a five-headed hydra
 16216 | D:10     | Killed a five-headed hydra
 16217 | D:10     | Reached skill level 10 in Fighting
 16539 | D:10     | Identified the +4 rapier "Bycku" {drain, Str+4 Dex+4
                  | Stlth-}
 16597 | D:11     | Noticed a two-headed ogre
 16607 | D:11     | Killed a two-headed ogre
 16614 | D:11     | Noticed a two-headed ogre
 16629 | D:11     | Noticed a centaur warrior
 16792 | D:11     | Noticed a two-headed ogre
 16797 | D:11     | Killed a two-headed ogre
 16892 | D:10     | Gained mutation: You cannot be stealthy. [Ru sacrifice]
 16892 | D:10     | Reached **** piety under Ru
 16937 | D:10     | Killed a centaur warrior
 17217 | D:10     | Killed a two-headed ogre
 17218 | D:10     | Reached XP level 13. HP: 63/97 MP: 0/0
 17218 | D:10     | Learned a level 5 spell: Iskenderun's Battlesphere
 17428 | D:11     | Acquired 972 gold pieces
 17530 | D:11     | Noticed Sonja
 17793 | D:11     | Killed Sonja
 17794 | D:11     | Reached skill level 11 in Fighting
 18718 | D:11     | Found a staircase to the Lair.
 18937 | D:11     | Found a staircase to the Orcish Mines.
 19114 | Lair:1   | Entered Level 1 of the Lair of Beasts
 19564 | Lair:1   | Noticed a seven-headed hydra
 19573 | Lair:1   | Killed a seven-headed hydra
 19947 | Lair:1   | Noticed a seven-headed hydra
 19977 | Lair:1   | Reached skill level 10 in Armour
 20430 | Lair:1   | Killed a seven-headed hydra
 20736 | Lair:2   | Gained mutation: You are somewhat unskilled. (-1 Apt) [Ru
                  | sacrifice]
 20736 | Lair:2   | Reached ***** piety under Ru
 20827 | Lair:2   | Identified the +5 falchion "Inureeha" {vorpal, rN++ Int+3}
 21211 | Lair:2   | Noticed a seven-headed hydra
 21234 | Lair:2   | Killed a seven-headed hydra
 21632 | Lair:2   | Reached XP level 14. HP: 86/105 MP: 0/0
 22136 | Lair:1   | Reached skill level 10 in Armour
 24888 | Lair:4   | Found a hole to the Spider Nest.
 24900 | Lair:4   | Reached skill level 12 in Fighting
 24974 | Lair:4   | Found a frozen archway.
 24993 | IceCv    | Entered an ice cave
 26478 | Lair:4   | Found a staircase to the Swamp.
 26552 | Lair:5   | Found a runed translucent gate.
 26552 | Lair:5   | Found a runed translucent gate.
 26552 | Lair:5   | Found a runed translucent gate.
 26553 | Lair:5   | Noticed Rickety's ghost (journeyman SpEn)
 26554 | Lair:5   | Noticed pokedragonboy's ghost (journeyman DEFE)
 26588 | Lair:5   | Found a dark tunnel.
 26593 | Volcano  | Entered a volcano
 27123 | Lair:5   | Reached XP level 15. HP: 105/113 MP: 0/0
 27123 | Lair:5   | Learned a level 6 spell: Iron Shot
 27265 | Lair:5   | Noticed Josephine
 27271 | Lair:5   | Killed Josephine
 28043 | Lair:6   | Entered Level 6 of the Lair of Beasts
 28816 | Lair:5   | Found a staircase to the Slime Pits.
 30394 | Lair:6   | Noticed Urug
 30864 | Lair:6   | Found a hide-covered altar of Uskayaw.
 31598 | Lair:6   | Found a hide-covered altar of Uskayaw.
 31633 | Lair:6   | Killed Urug
 32778 | Lair:6   | Reached skill level 13 in Fighting
 33565 | Lair:6   | Found a large runed translucent door.
 33566 | Lair:6   | Found a large runed translucent door.
 33819 | Lair:6   | Reached XP level 16. HP: 51/108 MP: 0/0
 35136 | Orc:1    | Entered Level 1 of the Orcish Mines
 35488 | Orc:1    | Identified the +2 hat of Grace {Fly}
 35570 | Orc:1    | Found a runed translucent gate.
 35570 | Orc:1    | Found a runed translucent gate.
 35570 | Orc:1    | Found a runed translucent gate.
 35570 | Orc:1    | Noticed duckroller's ghost (journeyman HOMo)
 35571 | Orc:1    | Noticed Jisity's ghost (adept HuFi)
 35694 | Orc:2    | Entered Level 2 of the Orcish Mines
 36209 | Orc:2    | Found Beor's Gadget Gallery.
 36264 | Orc:2    | Found a staircase to the Elven Halls.
 36380 | Orc:2    | Found Yqahuuv's General Store.
 36399 | Orc:2    | Found Etzug Neroli's Armour Shoppe.
 36834 | Orc:2    | Found Bihax's Distillery.
 36834 | Orc:2    | Found Dudeg's Antique Armour Shoppe.
 36861 | Orc:2    | Bought a potion of curing for 42 gold pieces
 36870 | Orc:2    | Bought a fine crystal plate armour for 2210 gold pieces
 36870 | Orc:2    | Identified the +1 crystal plate armour of Cutwuesk {Rampage
                  | rCorr Dex-4} (You bought it in a shop on level 2 of the
                  | Orcish Mines)
 36871 | Orc:2    | Bought a glimmering troll leather armour for 520 gold
                  | pieces
 36871 | Orc:2    | Identified the +1 troll leather armour of Wusacs Saco
                  | {Will+ Regen+ Str+6 Int+3 Dex-2} (You bought it in a shop
                  | on level 2 of the Orcish Mines)
 36931 | Orc:2    | Reached skill level 10 in Dodging
 37485 | D:4      | Killed nxtlvl's ghost
 37984 | D:12     | Found Tiehuwif's Weapon Emporium.
 38108 | D:12     | Found Jajock's Book Shoppe.
 38319 | D:12     | Found Allunint's Armour Emporium.
 38612 | D:12     | Bought a +0 kite shield of cold resistance for 115 gold
                  | pieces
 38987 | D:12     | Found Dun Huar's Distillery.
 39012 | D:12     | Bought a potion of haste for 110 gold pieces
 39012 | D:12     | Bought a potion of mutation for 88 gold pieces
 39068 | D:12     | Found a sparkling altar of Nemelex Xobeh.
 39068 | D:12     | Noticed Jessica
 39070 | D:12     | Killed Jessica
 39196 | D:12     | Found Yptellel's Armour Boutique.
 39896 | D:13     | Reached skill level 5 in Shields
 40152 | D:13     | Found a gate to the Vaults.
 41410 | D:14     | Found a stormy altar of Qazlal.
 41581 | D:14     | Reached XP level 17. HP: 89/128 MP: 0/0
 41581 | D:14     | Learned a level 7 spell: Ozocubu's Refrigeration
 42145 | D:15     | Entered Level 15 of the Dungeon
 42277 | D:15     | Noticed Rupert
 42286 | D:15     | Paralysed by Rupert for 4 turns
 42536 | D:15     | Found a staircase to the Depths.
 42581 | D:15     | Killed Rupert
 42582 | D:15     | Reached skill level 14 in Fighting
 44317 | Spider:1 | Entered Level 1 of the Spider Nest
 44928 | Spider:1 | Noticed Azrael
 44942 | Spider:1 | Killed Azrael
 46232 | Spider:2 | Reached XP level 18. HP: 72/132 MP: 0/0
 48744 | Spider:4 | Entered Level 4 of the Spider Nest
 48810 | Spider:4 | Noticed Mara
 48981 | Spider:4 | Noticed thromnambular's illusion
 49101 | Spider:3 | Killed Mara
 49270 | Spider:4 | Reached skill level 15 in Fighting
 50341 | Spider:4 | Reached XP level 19. HP: 80/143 MP: 0/0
 50341 | Spider:4 | Learned a level 7 spell: Monstrous Menagerie
 50888 | Spider:4 | Identified the +1 morningstar of Invincibility {drain, rF+
                  | Str+4}
 50915 | Spider:4 | Got a gossamer rune of Zot
 51048 | Swamp:1  | Entered Level 1 of the Swamp
 51796 | Swamp:1  | Reached skill level 10 in Shields
 52354 | Swamp:1  | You are sucked into a shaft and drop 1 floor!
 53678 | Swamp:2  | Reached skill level 1 in Throwing
 55036 | Swamp:3  | Reached skill level 5 in Throwing
 55315 | Swamp:4  | Entered Level 4 of the Swamp
 55378 | Swamp:4  | Identified the +3 quarterstaff of the Enemy {venom, Contam
                  | rElec rCorr Int+6}
 55389 | Swamp:4  | Reached XP level 20. HP: 108/150 MP: 0/0
 56684 | Swamp:4  | Got a decaying rune of Zot
 56739 | Swamp:4  | Noticed a tentacled monstrosity
 56747 | Swamp:4  | Killed a tentacled monstrosity
 56996 | Elf:1    | Entered Level 1 of the Elven Halls
 59815 | Vaults:1 | Entered Level 1 of the Vaults
 59885 | Vaults:1 | Reached skill level 16 in Fighting
 60624 | Vaults:1 | Reached skill level 15 in Axes
 60624 | Vaults:1 | Reached XP level 21. HP: 149/157 MP: 0/0
 60624 | Vaults:1 | Learned a level 8 spell: Ignition
 60871 | Vaults:1 | Found Ysemec's Distillery.
 60889 | Vaults:1 | Bought 2 potions of curing for 120 gold pieces
 60889 | Vaults:1 | Bought a potion of heal wounds for 100 gold pieces
 60889 | Vaults:1 | Bought a potion of curing for 60 gold pieces
 60889 | Vaults:1 | Bought a potion of heal wounds for 100 gold pieces
 60889 | Vaults:1 | Bought a potion of ambrosia for 160 gold pieces
 62917 | Vaults:2 | Noticed Margery
 63198 | Vaults:2 | Killed Margery
 64461 | Vaults:2 | You are sucked into a shaft and drop 1 floor!
 64760 | Vaults:3 | You are sucked into a shaft and drop 1 floor!
 64760 | Vaults:4 | Found a huge runed gate.
 64760 | Vaults:4 | Found a huge runed gate.
 64760 | Vaults:4 | Found a huge runed gate.
 64760 | Vaults:4 | Found a huge runed gate.
 64760 | Vaults:4 | Found a huge runed gate.
 64760 | Vaults:4 | Found a huge runed gate.
 64760 | Vaults:4 | Found a huge runed gate.
 64760 | Vaults:4 | Found a huge runed gate.
 64760 | Vaults:4 | Found a huge runed gate.
 64763 | Vaults:4 | Found a huge runed gate.
 64763 | Vaults:4 | Found a huge runed gate.
 64763 | Vaults:4 | Found a huge runed gate.
 64763 | Vaults:4 | Found a huge runed gate.
 64763 | Vaults:4 | Found a huge runed gate.
 64763 | Vaults:4 | Found a huge runed gate.
 64763 | Vaults:4 | Found a huge runed gate.
 64764 | Vaults:4 | Found a huge runed gate.
 64765 | Vaults:4 | Found a huge runed gate.
 64823 | Vaults:4 | Reached XP level 22. HP: 151/163 MP: 0/0
 64841 | Vaults:4 | Reached skill level 17 in Fighting
 65968 | Vaults:2 | Found Icsedigi's Book Shoppe.
 66111 | Vaults:3 | Found a staircase to the Crypt.
 69405 | Vaults:4 | Found a huge runed gate.
 69405 | Vaults:4 | Found a huge runed gate.
 69405 | Vaults:4 | Found a huge runed gate.
 69405 | Vaults:4 | Found a huge runed gate.
 69405 | Vaults:4 | Found a huge runed gate.
 69405 | Vaults:4 | Found a huge runed gate.
 69406 | Vaults:4 | Found a huge runed gate.
 69407 | Vaults:4 | Found a huge runed gate.
 69408 | Vaults:4 | Found a huge runed gate.
 69416 | Vaults:4 | Found a huge runed gate.
 69416 | Vaults:4 | Found a huge runed gate.
 69416 | Vaults:4 | Found a huge runed gate.
 69416 | Vaults:4 | Found a huge runed gate.
 69416 | Vaults:4 | Found a huge runed gate.
 69416 | Vaults:4 | Found a huge runed gate.
 69417 | Vaults:4 | Found a huge runed gate.
 69716 | Vaults:4 | Found a huge runed gate.
 69717 | Vaults:4 | Found a huge runed gate.
 70646 | Depths:1 | Entered Level 1 of the Depths
 70696 | Depths:1 | Found a magical portal.
 70700 | WizLab   | Entered The Roulette of Golubria
 70700 | WizLab   | Found a transporter.
 70707 | WizLab   | Found the +2 cloak of the Thief {*Fog Slay-2 SInv Stlth+}
 70707 | WizLab   | Found a corrupted altar of Lugonu.
 70809 | WizLab   | Reached XP level 23. HP: 160/175 MP: 0/0
 70809 | WizLab   | Learned a level 7 spell: Storm Form
 70826 | WizLab   | Found a transporter.
 71168 | WizLab   | Found a transporter.
 71170 | WizLab   | Noticed a profane servitor
 71226 | WizLab   | Killed a profane servitor
 71242 | WizLab   | Found a transporter.
 71418 | WizLab   | Found a transporter.
 71421 | WizLab   | Found a corrupted altar of Lugonu.
 71423 | WizLab   | Found a corrupted altar of Lugonu.
 71456 | WizLab   | Found a transporter.
 71557 | WizLab   | Found a transporter.
 71610 | WizLab   | Found a transporter.
 71610 | WizLab   | Found a transporter.
 71648 | WizLab   | Found a transporter.
 71648 | WizLab   | Found a transporter.
 71725 | WizLab   | Found a transporter.
 71725 | WizLab   | Found a transporter.
 71752 | WizLab   | Found a transporter.
 71754 | WizLab   | Found a transporter.
 71770 | WizLab   | Identified the +3 cloak "Edwiotz Saokk" {rElec Int+7}
 72380 | Depths:1 | Reached skill level 18 in Fighting
 72527 | Depths:1 | Found a portal to a secret trove of treasure.
 72737 | Depths:1 | Found a one-way gate leading to the halls of Pandemonium.
 72851 | Depths:1 | Found an ornate altar of the Wu Jian Council.
 72995 | Depths:1 | Found a gateway to Hell.
 76007 | Depths:3 | Paralysed by a floating eye for 3 turns
 76017 | Depths:2 | Reached XP level 24. HP: 136/182 MP: 0/0
 76248 | Depths:3 | Noticed an ancient lich
 76394 | Hell     | Entered the Vestibule of Hell
 76394 | Hell     | Noticed Geryon
 76861 | Depths:3 | Killed an ancient lich
 76862 | Depths:3 | Reached skill level 15 in Armour
 77160 | Depths:3 | Found a white marble altar of Elyvilon.
 77161 | Depths:3 | Found a glowing golden altar of the Shining One.
 77164 | Depths:3 | Found a glowing silver altar of Zin.
 77184 | Depths:3 | Identified the +1 scale mail "Neec" {-Cast rElec Stlth+}
 77923 | Depths:3 | Paralysed by a floating eye for 3 turns
 78200 | Depths:3 | You are sucked into a shaft and drop 1 floor!
 78269 | Depths:4 | Reached skill level 15 in Shields
 78778 | Depths:3 | Noticed the Enchantress
 79020 | Depths:3 | Killed the Enchantress
 79494 | Depths:3 | Found the +6 Majin-Bo {vamp, MP+6 Int+6}
 79644 | Depths:3 | Reached skill level 19 in Fighting
 80255 | Depths:4 | Reached XP level 25. HP: 177/190 MP: 0/0
 80255 | Depths:4 | Learned a level 8 spell: Lehudib's Crystal Spear
 80501 | Depths:4 | Found a one-way gate to the infinite horrors of the Abyss.
 80963 | Depths:4 | Identified the +10 broad axe of the Doomed Warrior {vamp,
                  | Dex+4}
 81092 | Depths:4 | Paralysed by a floating eye for 3 turns
 81439 | Depths:4 | Identified the +1 quarterstaff of the Sky {spect, Str+4
                  | Dex+4}
 81652 | Depths:5 | Entered Level 5 of the Depths
 81652 | Depths:5 | Noticed a caustic shrike
 81652 | Depths:5 | Noticed a caustic shrike
 81652 | Depths:5 | Noticed a caustic shrike
 81652 | Depths:5 | Noticed a caustic shrike
 81666 | Depths:4 | Killed a caustic shrike
 81802 | Depths:4 | Voluntarily entered the Abyss.
 81924 | Abyss:3  | Got an abyssal rune of Zot
 81994 | Depths:4 | Escaped the Abyss
 82557 | Depths:5 | Killed a caustic shrike
 82583 | Depths:5 | Killed a caustic shrike
 83388 | Depths:5 | Noticed a caustic shrike
 83389 | Depths:5 | Found a gateway to a ziggurat.
 83389 | Depths:5 | Noticed a caustic shrike
 83389 | Depths:5 | Noticed a caustic shrike
 83389 | Depths:5 | Noticed a caustic shrike
 83410 | Depths:5 | Killed a caustic shrike
 83635 | Depths:5 | Reached XP level 26. HP: 184/199 MP: 0/0
 83895 | Depths:5 | Found a gate to the Realm of Zot.
 84583 | Zot:1    | Entered Level 1 of the Realm of Zot
 84709 | Zot:2    | Reached skill level 20 in Fighting
 85467 | Zot:4    | Noticed a curse toe
 85494 | Zot:4    | Killed a curse toe
 85988 | Zot:5    | Entered Level 5 of the Realm of Zot
 86269 | Zot:5    | Noticed a dread lich
 86281 | Zot:5    | Paralysed by something for 7 turns
 86284 | Zot:5    | Noticed an orb of fire
 86284 | Zot:5    | Noticed an orb of fire
 86289 | Zot:5    | Noticed a Killer Klown
 86302 | Zot:5    | Killed a dread lich
 86303 | Zot:5    | Reached XP level 27. HP: 205/207 MP: 0/0
 86303 | Zot:5    | Learned a level 9 spell: Shatter
 86309 | Zot:5    | Killed an orb of fire
 86327 | Zot:5    | Killed an orb of fire
 86366 | Zot:5    | HP: 8/207 [white draconian (37)]
 86366 | Zot:5    | Demolished by a white draconian

Illustrated notes

Levels and vault maps discovered:
D:1:      evilmike_arrival_come_back, layout_rooms, basic_ecumenical_altar
D:2:      layout_basic, minmay_surrounded, uniq_robin
D:3:      layout_loops_ring
D:4:      layout_loops_ring, gammafunk_ghost_stat_death,
          minmay_misc_feat_more_columns, minmay_close_crescents
D:5:      layout_rooms, mainiacjoe_overflow_surrounded_room, dk_noncrumbling_2,
          minmay_stone_trees_small, minmay_misc_feat_plants
D:6:      layout_loops_ring, kennysheep_pointless_box
D:7:      nzn_winding_woodlands_small [nzn_winding_woodlands_5x15_garden,
          nzn_winding_woodlands_center_triple_pond,
          nzn_winding_woodlands_5x15_concentric], layout_rooms,
          chequers_serial_rivers_room_a, grunt_decor_resistance
D:8:      gammafunk_wand_slinger, layout_loops_cross, serial_shops,
          nicolae_diamond_shop
D:9:      layout_stronghold
D:10:     layout_rooms, enter_bailey_7, chequers_jeans, nrook_uturn,
          minmay_hollow_rounded_squares, uniq_erolcha
D:11:     layout_cave_pools, due_lair_maze_entry_diamond,
          kennysheep_orc_monster_closet_entryway, uniq_sonja
D:12:     layout_small_grid, serial_shops, nicolae_shop_trees, shop,
          nicolae_square_shop, shop, kennysheep_mini_moat,
          nemelex_lonely_heart_becter
D:13:     layout_loops_cross, erik_vaults_2
D:14:     layout_rooms, nicolae_qazlal_general_emergency
D:15:     hangedman_depths_entry_civil_slaughter, layout_irregular_city,
          hangedman_abyss_or_decor_clamps, uniq_rupert
Lair:1:   layout_chaotic_city, minivault_24, chequers_serial_rivers_micro_e,
          chequers_serial_rivers_micro_a
Lair:2:   layout_regular_city, chequers_serial_rivers_marsh, minivault_11,
          serial_bayou_shore_b, infiniplex_staircase_pool, serial_bayou_shore_b,
          grunt_megastairs_5
Lair:3:   layout_cave_pods
Lair:4:   layout_loops_ring, palyth_hydra_swamp_entry, dummy_spider_entry,
          portal_ice_cave_entry_pillars_2, lemuel_fruit_tree
Lair:5:   regret_index_combs_of_tragedy, layout_long_grid,
          dpeg_slime_entry_corner, enter_volcano_1, gammafunk_ghost_cemetery,
          uniq_josephine
Lair:6:   cheibrodos_lair_end_hotspot, layout_cave_pods, basic_altar,
          lemuel_oklob_altar, uniq_urug
Swamp:1:  nicolae_swamp_tree_isthmus, layout_basic_swamp,
          evilmike_swamp_ruin_rubble_1
Swamp:2:  layout_basic_swamp, nicolae_swamp_feature_on_the_river_bank,
          swamp_pool2
Swamp:3:  nicolae_swamp_secret_spriggan_hideout, layout_basic_swamp,
          evilmike_swamp_ruin_house_5, swamp_pool4, nicolae_swamp_bunyip_nook
Swamp:4:  swamp_alternative, layout_basic_swamp
Spider:1: layout_spider_delve, uniq_azrael
Spider:2: layout_chambers
Spider:3: cheibrodos_forgotten_conduit
Spider:4: spider_rune_water, nicolae_spider_swamp_cousins, uniq_mara
Orc:1:    layout_caves, gammafunk_ghost_cemetery, hangedman_minor_magic
Orc:2:    st_orc_town, layout_caves, nicolae_shop_gadgets
Elf:1:    minmay_elf_arrival_summoners, layout_geoelf_grid, minivault_28
Vaults:1: nicolae_vaults_specimen_jars, ontoclasm_vaults_ring_large,
          ontoclasm_vaults_decontamination, grunt_vaults_diagonal,
          hangedman_vaults_snaps, ontoclasm_vaults_spin, hangedman_vaults_pinch,
          vaults_dpeg_encased_lava, vaults_room_mumra_shop_pool,
          dpeg_vaults_monster_box, nicolae_vaults_little_squares_1,
          layout_vaults_big_room
Vaults:2: nicolae_vaults_rhombus_6, vaults_mumra_lcd,
          vaults_standard_mumra_enter_the_diamond, v_misc_27,
          nicolae_vaults_shelves_hall, nicolae_vaults_alarming, v_misc_17,
          nicolae_vaults_little_squares_6, vaults_standard_mumra_x,
          layout_vaults_quadrants, serial_shops, nicolae_shop_behind_doors,
          uniq_margery
Vaults:3: nicolae_vaults_fighting_squares, vaults_room_fancy_cross,
          minmay_crypt_entry_necro_gods, vaults_mumra_minichess_inversion,
          grunt_vaults_funnel, vaults_room_grid, v_alt_pattern_5,
          hangedman_vaults_restitches, v_alt_pattern_2,
          hangedman_vaults_restitches, ontoclasm_vaults_twist,
          layout_vaults_ring
Vaults:4: hangedman_vaults_corner, v_misc_12, v_misc_28, vaults_door_vault,
          ontoclasm_vaults_ring_small, vaults_dpeg_ring,
          nicolae_vaults_ring_of_whatevers, v_rooms_5, ontoclasm_vaults_idyll,
          nicolae_vaults_little_squares_3, nicolae_vaults_big_angled_halls,
          grunt_vaults_focal, layout_vaults_omnibox
Depths:1: layout_roguey, mu_enter_wizlab_7, grunt_pan_entry_spiral,
          enter_trove_5, hell_entry, nicolae_wu_jian_glorious_leap
Depths:2: hangedman_stitches_corridor, layout_gridville,
          pf_vacation_house_of_asmodeus, hangedman_abyss_or_decor_stabs
Depths:3: minmay_guarded_unrand_majin_bo, layout_basic, pan_entry, hellmouth_1,
          good_gods_mini_temple, minmay_starry_boxes, grunt_megastairs_3,
          uniq_enchantress
Depths:4: minmay_the_grid_octo_tiled_octocenter_mashed
          [minmay_the_grid_octo_chip, minmay_the_grid_octo_clover_2,
          minmay_the_grid_octo_77, minmay_the_grid_octo_empty,
          minmay_the_grid_octo_prize_big_c, minmay_the_grid_square_5x5_forky,
          minmay_the_grid_square_5x5_seven, minmay_the_grid_square_5x5_tie,
          minmay_the_grid_square_5x5_tetrominoes], layout_gridlike,
          minmay_room_of_horrors, hell_entry, drop_trap
Depths:5: evilmike_zot_entry_diamond, layout_gridlike, enter_ziggurat_f,
          hell_entry, nicolae_benzene_ring
Hell
Zot:1:    layout_gridlike, grunt_ministairs_6, nicolae_transmutations_shop
Zot:2:    layout_misc_corridors, gammafunk_ghost_necromancy, bh_zot_levy_curve,
          hangedman_player_shredder
Zot:3:    gammafunk_its_a_trap, layout_cellular_growth, not_door_vault_due
Zot:4:    layout_onion_interference
Zot:5:    layout_basic

Skill      XL: |  1  2  3  4  5  6  7  8  9 10 11 12 13 14 15 16 17 18 19 20 21 22 23 24 25 26 |
---------------+-------------------------------------------------------------------------------+-----
Fighting       | 1 2 3 4 6 7 8 10 11 12 13 14 15 16 17 18 19 20 | 20.6
Maces & Flails | 1 2 3 4 |  4.4
Dodging        | 3 4 5 6 7 9 10 11 12 14 | 14.7
Spellcasting   | 3 5 7 |  7.2
Armour         | 2 5 8 9 10 11 12 13 14 15 16 17 | 17.8
Shields        | 4 4 5 7 9 10 12 13 14 15 | 15.0
Axes           | 11 11 12 13 14 15 16 17 | 17.8
Stealth        | 0 |  0.0
Throwing       | 5 7 |  7.3

Action                   |  1- 3 |  4- 6 |  7- 9 | 10-12 | 13-15 | 16-18 | 19-21 | 22-24 | 25-27 || total
-------------------------+-------+-------+-------+-------+-------+-------+-------+-------+-------++-------
Melee: Unarmed           |     6 |       |       |       |       |       |       |       |       ||     6
       Whip              |       |    21 |    93 |    80 |       |       |       |       |       ||   194
       Broad axe         |       |       |       |    69 |   834 |  1017 |  1015 |  1342 |  1240 ||  5517
       Hand axe          |       |       |       |       |       |     7 |    91 |       |       ||    98
Throw: Javelin           |       |       |       |       |       |       |    48 |    25 |       ||    73
       Boomerang         |       |       |       |       |       |       |       |     5 |       ||     5
 Cast: Foxfire           |    91 |   206 |   218 |   223 |   312 |    53 |    13 |       |       ||  1116
       Animate Skeleton  |     1 |       |       |       |       |       |       |       |       ||     1
       Sticky Flame      |       |       |    13 |    42 |    93 |     2 |       |     1 |       ||   151
       Conjure Flame     |       |       |    11 |     9 |    21 |       |       |       |       ||    41
       Ensorcelled Hiber |       |       |     2 |     2 |       |       |     3 |       |     4 ||    11
       Fireball          |       |       |     3 |    28 |    80 |    15 |       |       |       ||   126
       Passwall          |       |       |     1 |       |       |       |       |       |       ||     1
       Inner Flame       |       |       |     1 |       |       |       |       |       |       ||     1
       Iskenderun's Batt |       |       |       |       |     2 |     2 |       |       |       ||     4
       Iron Shot         |       |       |       |       |    10 |     6 |       |       |       ||    16
Invok: Sacrifice Love    |     1 |       |       |       |       |       |       |       |       ||     1
       Sacrifice Artific |       |     1 |       |       |       |       |       |       |       ||     1
       Reject Sacrifices |       |       |     1 |       |     1 |       |     1 |       |       ||     3
       Draw Out Power    |       |       |       |     2 |     1 |     1 |     1 |     1 |       ||     6
       Sacrifice Stealth |       |       |       |     1 |       |       |       |       |       ||     1
       Sacrifice Skill   |       |       |       |       |     1 |       |       |       |       ||     1
       Apocalypse        |       |       |       |       |     2 |     2 |     2 |     1 |     1 ||     8
  Use: Scroll            |       |     4 |     1 |    25 |    19 |     7 |     6 |     8 |     8 ||    78
       Potion            |       |       |       |     3 |     2 |     8 |     3 |     3 |     4 ||    23
 Stab: Sleeping          |       |       |     2 |     1 |       |       |     1 |       |     1 ||     5
       Invisible         |       |       |       |     1 |     4 |     6 |    13 |     6 |     4 ||    34
       Distracted        |       |       |       |       |     3 |    23 |    29 |    35 |    11 ||   101
       Paralysed         |       |       |       |       |     7 |     2 |     4 |     2 |     7 ||    22
       Held in net/web   |       |       |       |       |       |       |     1 |       |       ||     1
Armor: Robe              |       |     9 |    27 |       |       |       |       |       |       ||    36
       Steam dragon scal |       |       |       |    48 |   201 |    62 |       |       |       ||   311
       Crystal plate arm |       |       |       |       |    35 |   479 |   608 |   313 |   397 ||  1832
       Storm dragon scal |       |       |       |       |       |       |       |    70 |       ||    70
Dodge: Dodged            |     6 |    34 |    77 |   109 |   442 |   198 |   167 |   147 |   200 ||  1380
       Repelled          |       |       |       |       |       |       |    10 |     1 |       ||    11
Block: Other             |       |     1 |    40 |    18 |       |       |       |       |       ||    59
       Reflection        |       |       |     1 |     3 |     7 |    38 |    43 |    24 |     4 ||   120
       Buckler           |       |       |       |    65 |   383 |   129 |       |       |       ||   577
       Kite shield       |       |       |       |       |       |   502 |   885 |   811 |   825 ||  3023
